 Dungeon Crawl Stone Soup version 0.19.1-1-g22dce08 (webtiles) character file.

91 Goblin1989 the Cudgeler (level 4, -3/33 HPs)
             Began as a Demonspawn Skald on Jan 2, 2017.
             Was an Initiate of Okawaru.
             Slain by a hobgoblin
             ... wielding a +0 club
              (5 damage)
             ... on level 2 of the Dungeon.
             The game lasted 00:04:54 (1760 turns).

Goblin1989 the Cudgeler (Demonspawn Skald)          Turns: 1760, Time: 00:04:55

Health: -3/33      AC:  3    Str: 13    XL:     4   Next: 33%
Magic:  7/7        EV: 11    Int: 14    God:    Okawaru [......]
Gold:   77         SH:  0    Dex: 12    Spells: 1 memorised, 6 levels left

rFire  . . .     SeeInvis .     a - +0 mace
rCold  . . .     Gourm    .     b - +0 leather armour
rNeg   . . .     Faith    .     (no shield)
rPois  .         Spirit   .     (no helmet)
rElec  .         Reflect  .     (no cloak)
rCorr  .         Harm     .     (no gloves)
MR     .....                    (no boots)
Stlth  ++........               (no amulet)
                                (no ring)
                                (no ring)

@: no status effects
A: hooves 1, nightstalker 1
a: Renounce Religion


You were on level 2 of the Dungeon.
You worshipped Okawaru.
Okawaru was noncommittal.
You were not hungry.

You visited 1 branch of the dungeon, and saw 2 of its levels.

You collected 77 gold pieces.

Inventory:

Hand Weapons
 a - a +0 mace (weapon)
Armour
 b - a +0 leather armour (worn)
Scrolls
 f - a scroll of teleportation {unknown}
 h - a scroll of enchant armour {unknown}
 i - a scroll of identify {unknown}
 j - a scroll of noise {unknown}
 k - a scroll of recharging {unknown}
Potions
 e - a potion of berserk rage {unknown}
 g - a potion of curing {unknown}
Books
 c - a book of Battle

   Spells                             Type                      Level
   a - Infusion                       Charms                       1
   b - Shroud of Golubria             Charms/Translocation         2
   c - Song of Slaying                Charms                       2
   d - Spectral Weapon                Hexes/Charms                 3
   e - Regeneration                   Charms/Necromancy            3
Comestibles
 d - a bread ration {@e1}


   Skills:
 - Level 2.0 Fighting
 + Level 4.2 Maces & Flails
 - Level 0.8 Armour
 - Level 0.8 Dodging
 - Level 2.0 Spellcasting
 - Level 2.6 Charms


You had 6 spell levels left.
You knew the following spells:

 Your Spells              Type           Power        Failure   Level  Hunger
a - Infusion              Chrm           #...         12%         1    ##.....


Dungeon Overview and Level Annotations

Branches:
Dungeon (2/15)

Altars:
Okawaru


Innate Abilities, Weirdness & Mutations

You have large cloven feet.
You are slightly more attuned to the shadows.


Message History

* * * LOW HITPOINT WARNING * * *
You take 1 damage, and have 11/33 hp.
You closely miss the jackal.
The jackal bites you but does no damage.
The hobgoblin hits you but does no damage.
A worm comes into view.
You closely miss the jackal. Your kick misses the jackal. The jackal bites you.
* * * LOW HITPOINT WARNING * * *
The hobgoblin hits you with a club.
* * * LOW HITPOINT WARNING * * *
The jackal bites you.
* * * LOW HITPOINT WARNING * * *
You take 8 damage, and have 3/33 hp.
MASSIVE DAMAGE!!
The jackal bites you.
* * * LOW HITPOINT WARNING * * *
You take 1 damage, and have 2/33 hp.
The jackal barely misses you.
You hit the jackal but do no damage. Your kick misses the jackal.
The jackal misses you. The hobgoblin hits you with a club.
You die...

........██....█.████..█
........█████.█.██....█.
........................
.....█████████.......█ .
..... ███.......█ .w ...
...........██... ..
..?...███)......
.......███.█.█...
........@h.†.....
.........g.......
................
.....†...█.....
...............
........███....
........█ ██.█ ........█
........█


You could see a jackal and a hobgoblin.

Vanquished Creatures
  5 adders (D:2)
  An ooze (D:1)
  A dart slug (D:1)
  A leopard gecko (D:1)
  2 giant cockroaches (D:1)
  3 goblins (D:1)
  6 hobgoblins
  6 jackals
  4 bats
  3 frilled lizards
  4 kobolds
  3 rats
39 creatures vanquished.

Notes
Turn   | Place    | Note
-------+----------+-------------------------------------------
     0 | D:1      | Goblin1989 the Demonspawn Skald began the quest for the Orb.
     0 | D:1      | Reached XP level 1. HP: 16/16 MP: 3/3
    60 | D:1      | Reached skill level 2 in Maces & Flails
   155 | D:1      | Gained mutation: You have large cloven feet. [demonic ancestry]
   155 | D:1      | Reached XP level 2. HP: 21/22 MP: 5/5
   572 | D:1      | Reached skill level 3 in Maces & Flails
   950 | D:1      | Reached XP level 3. HP: 20/27 MP: 6/6
  1254 | D:2      | Found an iron altar of Okawaru.
  1264 | D:2      | Became a worshipper of Warmaster Okawaru
  1453 | D:2      | Gained mutation: You are slightly more attuned to the shadows. [demonic ancestry]
  1453 | D:2      | Reached XP level 4. HP: 16/33 MP: 7/7
  1493 | D:2      | Reached skill level 4 in Maces & Flails
  1760 | D:2      | Slain by a hobgoblin

Skill      XL: |  1  2  3  4 |
---------------+-------------+-----
Maces & Flails | 2 3 4 |  4.2
Fighting       | |  2.0
Armour         | |  0.8
Dodging        | |  0.8
Spellcasting   | |  2.0
Charms         | |  2.6

Action                   |  1- 3 |  4- 6 || total
-------------------------+-------+-------++-------
Melee: Mace              |   153 |    26 ||   179
       Kick              |    23 |     2 ||    25
 Stab: Sleeping          |       |     1 ||     1
  Eat: Chunk             |     2 |     1 ||     3
Armor: Leather armour    |    50 |    12 ||    62
Dodge: Dodged            |   133 |    19 ||   152

Vault maps used:
D:1:      minmay_arrival_glassed_features, minivault_11
D:2:      okawaru_metal_pillars_1_2
